 Dungeon Crawl Stone Soup version 0.29-a0-517-gbdf32494f2 (webtiles) character file.

Game seed: 9334252716215831571

175 DocClef the Covert (level 5, -2/47 HPs)
             Began as a Gnoll Delver on May 30, 2022.
             Killed from afar by an orc wizard (9 damage)
             ... with a puff of flame
             ... on level 5 of the Dungeon.
             The game lasted 00:00:51 (577 turns).

DocClef the Covert (Gnoll Delver)                    Turns: 577, Time: 00:00:52

Health: -2/47      AC:  3    Str: 14    XL:     5   Next: 55%
Magic:  7/7        EV: 13    Int:  9    God:
Gold:   24         SH:  0    Dex: 13    Spells: 7/7 levels left

rFire   . . .      SeeInvis .   a - +0 short sword
rCold   . . .      Faith    .   (no shield)
rNeg    . . .      Spirit   .   b - +0 leather armour
rPois   .          Reflect  .   (no helmet)
rElec   .          Harm     .   (no cloak)
rCorr   .          Rampage  .   (no gloves)
Will    .....                   (no boots)
Stlth   ++++......              (no amulet)
HPRegen 0.15/turn               (no ring)
MPRegen 0.10/turn               (no ring)

@: no status effects
A: fangs 1, strong nose, distributed training
a: no special abilities


You were on level 5 of the Dungeon.
You visited 1 branch of the dungeon, and saw 3 of its levels.

You collected 24 gold pieces.

Inventory:

Hand Weapons
 a - a +0 short sword (weapon)
Armour
 b - a +0 leather armour (worn)
Wands
 g - a wand of digging (3)
Scrolls
 c - a scroll of fog
 d - a scroll of magic mapping
 e - a scroll of fear
Potions
 f - a potion of haste
 h - a potion of mutation {unknown}
 i - a potion of cancellation {unknown}


   Skills:
 + Level 6.7 Fighting
 + Level 4.8 Short Blades
 + Level 1.5 Long Blades
 + Level 1.5 Axes
 + Level 1.5 Maces & Flails
 + Level 1.5 Polearms
 + Level 1.5 Staves
 + Level 1.5 Slings
 + Level 1.5 Bows
 + Level 1.5 Crossbows
 + Level 1.5 Throwing
 + Level 1.5 Armour
 + Level 4.8 Dodging
 + Level 9.7 Stealth
 + Level 1.5 Shields
 + Level 1.5 Unarmed Combat
 + Level 1.5 Spellcasting
 + Level 1.2 Conjurations
 + Level 1.2 Hexes
 + Level 1.2 Summonings
 + Level 1.2 Necromancy
 + Level 1.2 Translocations
 + Level 1.2 Transmutations
 + Level 1.2 Fire Magic
 + Level 1.2 Ice Magic
 + Level 1.2 Air Magic
 + Level 1.2 Earth Magic
 + Level 1.2 Poison Magic
 + Level 1.7 Invocations
 + Level 1.5 Evocations


You had 7 spell levels left.
You didn't know any spells.
Your spell library was empty.

Dungeon Overview and Level Annotations

Branches:
Dungeon (6/15)
 Temple: D:4-7

Altars:


Innate Abilities, Weirdness & Mutations

You have very sharp teeth.
Your uncanny sense of smell can sniff out nearby items.
Your experience applies equally to all skills.


Message History

The gnoll attacks as you move away! The gnoll closely misses you.
The gnoll hits you from afar with a +0 spear.
The gnoll hits you from afar with a +0 spear!
* * * LOW HITPOINT WARNING * * *
The gnoll throws a throwing net.
The throwing net closely misses you.
You see here a throwing net.
There is an open door here.
You close the door.
A gnoll opens the door.
The gnoll shouts!
The gnoll shaman calls upon its god to heal the gnoll.
The gnoll's wounds heal themselves!
There is an open door here.
There is an open door here.
You close the door.
A gnoll breaks down the door.
There is a stone staircase leading down here.
You climb downwards.
There is a stone staircase leading up here.
You start resting.
An orc wizard is nearby!
An orc wizard is nearby!
An orc wizard is nearby!
You start resting.
An orc wizard is nearby!
The orc wizard points at you and mumbles some strange words.
The puff of flame hits you!
* * * LOW HITPOINT WARNING * * *
The orc wizard gestures wildly while chanting.
The orc wizard flickers and vanishes!
Deactivating autopickup; reactivate with Ctrl-A.
A magic dart appears from out of thin air!
The magic dart hits you.
* * * LOW HITPOINT WARNING * * *
Something barely misses you.
There is a stone staircase leading up here.
You miss something.
You hear some strange, mumbled words.
A puff of flame appears from out of thin air!
The puff of flame hits you!
You die...

#### ###..#
#....# #.#.##
#######.#.## .
#......@...#
...#......{...#
#.............#
..#?..>......#
#...###..#####
...# $....# ##
.......#
.........# #.#
...........#


There were no monsters in sight!

Vanquished Creatures
  An ogre (D:4)
  A phantom (D:4)
  A gnoll (D:4)
  An adder (D:4)
  A dart slug (D:4)
  A ball python (D:4)
  An endoplasm (D:4)
  A giant cockroach (D:4)
  A hobgoblin (D:4)
9 creatures vanquished.

Notes
Turn   | Place    | Note
-------+----------+-------------------------------------------
     0 | D:5      | Reached skill level 9 in Stealth
     0 | D:5      | DocClef the Gnoll Delver began the quest for the Orb.
     0 | D:5      | Reached XP level 1. HP: 23/23 MP: 1/1
    39 | D:5      | Noticed an orc wizard
    39 | D:5      | Noticed an orc wizard
    39 | D:5      | Noticed an orc priest
   351 | D:4      | Noticed a phantom
   351 | D:4      | Noticed an ogre
   352 | D:4      | Killed a phantom
   353 | D:4      | Reached skill level 1 in Long Blades
   353 | D:4      | Reached skill level 1 in Axes
   353 | D:4      | Reached skill level 1 in Maces & Flails
   353 | D:4      | Reached skill level 1 in Polearms
   353 | D:4      | Reached skill level 1 in Staves
   353 | D:4      | Reached skill level 1 in Slings
   353 | D:4      | Reached skill level 1 in Bows
   353 | D:4      | Reached skill level 1 in Crossbows
   353 | D:4      | Reached skill level 1 in Throwing
   353 | D:4      | Reached skill level 1 in Armour
   353 | D:4      | Reached skill level 1 in Shields
   353 | D:4      | Reached skill level 1 in Unarmed Combat
   353 | D:4      | Reached skill level 1 in Spellcasting
   353 | D:4      | Reached skill level 1 in Invocations
   353 | D:4      | Reached skill level 1 in Evocations
   353 | D:4      | Reached XP level 2. HP: 29/29 MP: 1/3
   353 | D:4      | Reached XP level 3. HP: 35/35 MP: 1/4
   353 | D:4      | Reached XP level 4. HP: 41/41 MP: 1/5
   355 | D:4      | Killed an ogre
   356 | D:4      | Reached skill level 1 in Conjurations
   356 | D:4      | Reached skill level 1 in Hexes
   356 | D:4      | Reached skill level 1 in Summonings
   356 | D:4      | Reached skill level 1 in Necromancy
   356 | D:4      | Reached skill level 1 in Translocations
   356 | D:4      | Reached skill level 1 in Transmutations
   356 | D:4      | Reached skill level 1 in Fire Magic
   356 | D:4      | Reached skill level 1 in Ice Magic
   356 | D:4      | Reached skill level 1 in Air Magic
   356 | D:4      | Reached skill level 1 in Earth Magic
   356 | D:4      | Reached skill level 1 in Poison Magic
   356 | D:4      | Reached XP level 5. HP: 47/47 MP: 1/7
   577 | D:5      | Killed from afar by an orc wizard

Illustrated notes

Levels and vault maps discovered:
D:4:      layout_basic, uniq_natasha
D:5:      layout_rooms, mainiacjoe_overflow_alcove_2,
          minmay_temple_entry_slanted, minmay_manual_maat, uniq_eustachio,
          uniq_prince_ribbit1
D:6:      layout_rooms, roderic_lattice_a, nicolae_specific_store

Skill      XL: |  1  2  3  4 |
---------------+-------------+-----
Stealth        | |  9.7
Long Blades    | 1 |  1.5
Axes           | 1 |  1.5
Maces & Flails | 1 |  1.5
Polearms       | 1 |  1.5
Staves         | 1 |  1.5
Slings         | 1 |  1.5
Bows           | 1 |  1.5
Crossbows      | 1 |  1.5
Throwing       | 1 |  1.5
Armour         | 1 |  1.5
Shields        | 1 |  1.5
Unarmed Combat | 1 |  1.5
Spellcasting   | 1 |  1.5
Invocations    | 1 |  1.7
Evocations     | 1 |  1.5
Conjurations   | 1 |  1.2
Hexes          | 1 |  1.2
Summonings     | 1 |  1.2
Necromancy     | 1 |  1.2
Translocations | 1 |  1.2
Transmutations | 1 |  1.2
Fire Magic     | 1 |  1.2
Ice Magic      | 1 |  1.2
Air Magic      | 1 |  1.2
Earth Magic    | 1 |  1.2
Poison Magic   | 1 |  1.2
Fighting       | |  6.7
Short Blades   | |  4.8
Dodging        | |  4.8

Action                   |  1- 3 |  4- 6 || total
-------------------------+-------+-------++-------
Melee: Short sword       |     1 |    23 ||    24
       Punch             |       |     1 ||     1
       Bite              |       |     1 ||     1
 Stab: Sleeping          |     1 |     4 ||     5
Armor: Leather armour    |       |     1 ||     1
Dodge: Dodged            |     3 |    19 ||    22

Table legend: (Time is in decaauts)
 A = Elapsed time spent in this place.
 B = Non-inter-level travel time spent in this place.
 C = Inter-level travel time spent in this place.
 D = Time resting spent in this place.
 E = Time spent auto-exploring this place.
 F = Levels seen in this place.
 G = Mean time per level.
                   A        B        C        D        E       F      G
               +--------+--------+--------+--------+--------+-----+--------+
         Total |    573 |    573 |      0 |    330 |    112 |   3 |  191.0 |
       Dungeon |    573 |    573 |      0 |    330 |    112 |   3 |  191.0 |
               +--------+--------+--------+--------+--------+-----+--------+

Top non-repeatable levels by time:
     D:6: 290 daAuts
     D:4: 160 daAuts
     D:5: 122 daAuts
